 Dungeon Crawl Stone Soup version 0.19.5 (webtiles) character file.

182 Alannah the Conjurer (level 5, -3/38 HPs)
             Began as a Draconian Conjurer on Apr 11, 2017.
             Was an Initiate of Vehumet.
             Slain by a worker ant (4 damage)
             ... on level 4 of the Dungeon.
             The game lasted 00:16:32 (3158 turns).

Alannah the Conjurer (Draconian Conjurer)           Turns: 3158, Time: 00:16:33

Health: -3/38      AC:  5    Str: 10    XL:     5   Next: 34%
Magic:  0/9        EV: 18    Int: 17    God:    Vehumet [......]
Gold:   117        SH:  0    Dex: 16    Spells: 4 memorised, 0 levels left

rFire  . . .     SeeInvis .     i - +0 dagger
rCold  . . .     Gourm    .     (armour unavailable)
rNeg   . . .     Faith    .     (no shield)
rPois  .         Spirit   .     (helmet restricted)
rElec  .         Reflect  .     (no cloak)
rCorr  .         Harm     .     (no gloves)
MR     .....                    (no boots)
Stlth  +++.......               (no amulet)
                                (no ring)
                                (no ring)

@: agile, flying, very slightly contaminated
A: unfitting armour, cold-blooded, AC +5
a: Renounce Religion


You were on level 4 of the Dungeon.
You worshipped Vehumet.
Vehumet was noncommittal.
You were very hungry.

You visited 2 branches of the dungeon, and saw 5 of its levels.

You collected 117 gold pieces.

Inventory:

Hand Weapons
 i - a +0 dagger (weapon)
Wands
 p - a wand of digging (13/24)
Scrolls
 c - 3 scrolls of fog {unknown}
 e - 2 scrolls of remove curse {unknown}
 g - 5 scrolls of identify {unknown}
 h - a scroll of blinking {unknown}
 j - a scroll of noise {unknown}
 l - 2 scrolls of enchant armour {unknown}
 o - a scroll of teleportation {unknown}
Potions
 d - a potion of flight
 f - 2 potions of agility
 k - a potion of lignification {unknown}
 m - a potion of invisibility {unknown}
 q - a potion of cancellation {unknown}
 r - a potion of degeneration {unknown}
 s - a potion of brilliance {unknown}
Books
 a - a book of Conjurations

   Spells                             Type                      Level
   a - Magic Dart                     Conjuration                  1
   b - Searing Ray                    Conjuration                  2
   c - Dazzling Spray                 Conjuration/Hexes            3
   d - Fulminant Prism                Conjuration/Hexes            4
   e - Iskenderun's Mystic Blast      Conjuration                  4
   f - Iskenderun's Battlesphere      Conjuration/Charms           5
Comestibles
 b - 3 bread rations
 n - a royal jelly


   Skills:
 + Level 2.4 Dodging
 + Level 2.5 Stealth
 * Level 3.2 Spellcasting
 * Level 5.0 Conjurations
 + Level 1.3 Hexes


You couldn't memorise any spells.
You knew the following spells:

 Your Spells              Type           Power        Failure   Level  Hunger
a - Magic Dart            Conj           ###.         2%          1    None
b - Searing Ray           Conj           ###...       3%          2    ##.....
c - Dazzling Spray        Conj/Hex       ##....       17%         3    ###....
d - Iskenderun's Mystic   Conj           ###.....     24%         4    ####...


Dungeon Overview and Level Annotations

Branches:
Dungeon (4/15)             Temple (1/1) D:4

Altars:
Ashenzari
Cheibriados
Dithmenos
Elyvilon
Fedhas
Gozag
Hepliaklqana
Kikubaaqudgha
Makhleb
Nemelex Xobeh
Okawaru
Qazlal
Ru
Sif Muna
Trog
Uskayaw
Vehumet
Xom
Yredelemnul
Zin
The Shining One


Innate Abilities, Weirdness & Mutations

Your plain brown scales are hard. (AC +5)
You cannot fit into any form of body armour.
You are cold-blooded and may be slowed by cold attacks.


Message History

Press: ? - help, Shift-Dir - straight line, f/p - worker ant
Aim: a worker ant (heavily wounded)
The magic dart hits the worker ant.
The worker ant is almost dead.
The worker ant bites you.
* * * LOW HITPOINT WARNING * * *
It was a potion of flight.
You feel very buoyant.
You fly up into the air.
* * * LOW HITPOINT WARNING * * *
You feel sick. The worker ant closely misses you.
The worker ant bites you but does no damage.
The worker ant barely misses you.
* * * LOW HITPOINT WARNING * * *
You feel sick.
You are no longer poisoned.
It was a potion of agility.
You feel agile all of a sudden. The worker ant bites you.
You die...

....>..............#
.........#.........#
..⌠...⌠..#.........#
...................#
.........#.........#
#.##.##.##.........#
#. #...............#
#.....#..#######a###
#####.#..# #@# #
#..# #.# #..# #.#
#..# #.# .#.# #.#
.#.# #.# #.# # #.# #
#.# #


You could see a worker ant.

Vanquished Creatures
  Jessica (D:3)
  Natasha (twice) (D:3)
  An adder (D:3)
  2 oozes
  2 dart slugs
  3 leopard geckos
  4 orcs (D:3)
  2 ball pythons
  5 giant cockroaches
  8 goblins
  6 hobgoblins
  9 jackals
  7 kobolds
  3 quokkas
  8 bats
  5 frilled lizards
  7 rats
75 creatures vanquished.

Notes
Turn   | Place    | Note
-------+----------+-------------------------------------------
     0 | D:1      | Alannah the Draconian Conjurer began the quest for the Orb.
     0 | D:1      | Reached XP level 1. HP: 14/14 MP: 3/3
   303 | D:1      | Reached XP level 2. HP: 20/20 MP: 1/5
   356 | D:1      | Learned a level 2 spell: Searing Ray
   937 | D:1      | Reached XP level 3. HP: 26/26 MP: 0/7
  1008 | D:1      | Learned a level 3 spell: Dazzling Spray
  1795 | D:2      | Reached skill level 1 in Hexes
  1975 | D:3      | Noticed Natasha
  1981 | D:3      | Killed Natasha
  1981 | D:3      | Reached XP level 4. HP: 30/33 MP: 1/8
  2475 | D:3      | Noticed Jessica
  2480 | D:3      | Killed Jessica
  2538 | D:3      | Reached XP level 5. HP: 38/38 MP: 6/9
  2786 | D:3      | Noticed Natasha
  2789 | D:3      | Killed Natasha
  2789 | D:3      | Reached skill level 5 in Conjurations
  2795 | D:3      | Learned a level 4 spell: Iskenderun's Mystic Blast
  2951 | D:4      | Found a staircase to the Ecumenical Temple.
  2960 | Temple   | Entered the Ecumenical Temple
  2967 | Temple   | Became a worshipper of Vehumet
  3157 | D:4      | HP: 1/38 [poisoned by a worker ant]
  3158 | D:4      | Slain by a worker ant

Skill      XL: |  1  2  3  4  5 |
---------------+----------------+-----
Stealth        | 2 |  2.5
Hexes          | 1 |  1.3
Dodging        | 2 |  2.4
Spellcasting   | 3 |  3.2
Conjurations   | 5 |  5.0

Action                   |  1- 3 |  4- 6 || total
-------------------------+-------+-------++-------
Melee: Unarmed           |     4 |       ||     4
       Tailslap          |     3 |     1 ||     4
       Dagger            |    23 |     9 ||    32
       Club              |     2 |       ||     2
 Cast: Magic Dart        |   102 |    61 ||   163
       Searing Ray       |     1 |     6 ||     7
  Use: Potion            |       |     2 ||     2
  Eat: Chunk             |     4 |     3 ||     7
Armor: Skin              |    17 |     5 ||    22
Dodge: Dodged            |    42 |    19 ||    61
